 Dungeon Crawl Stone Soup version 0.24-a0-368-g0e0cebd0f3 (webtiles) character file.

Game seed: 5721440891226268762

298 kidcy the Cudgeler (level 6, -7/48 HPs)
             Began as a Demonspawn Monk on May 28, 2019.
             Mangled by a gnoll
             ... wielding a +0 halberd
              (9 damage)
             ... on level 4 of the Dungeon.
             The game lasted 00:06:46 (4174 turns).

kidcy the Cudgeler (Demonspawn Monk)                Turns: 4174, Time: 00:06:47

Health: -7/48      AC: 11    Str: 14    XL:     6   Next: 13%
Magic:  5/5        EV:  5    Int: 12    God:
Gold:   110        SH:  0    Dex: 18    Spells: 5/5 levels left

rFire    . . .     SeeInvis .   a - +0 mace
rCold    . . .     Gourm    .   (no shield)
rNeg     . . .     Faith    .   b - +0 plate armour
rPois    .         Spirit   .   (no helmet)
rElec    .         Reflect  .   (no cloak)
rCorr    .         Harm     .   (no gloves)
MR       .....                  (no boots)
Stlth    ..........             (no amulet)
HPRegen  0.16/turn              j - +4 ring of strength
MPRegen  0.09/turn              (no ring)

@: no status effects
A: thin skeletal structure 1, blink, demonic guardian 1, deterioration 1, low mp
1, weak 1, rot immunity
a: Blink


You were on level 4 of the Dungeon.
You were hungry.

You visited 1 branch of the dungeon, and saw 4 of its levels.

You collected 110 gold pieces.

Inventory:

Hand Weapons
 a - a +0 mace (weapon)
Armour
 b - a +0 plate armour (worn)
Jewellery
 j - a +4 ring of strength (left hand)
 o - an uncursed amulet of the acrobat {unknown}
Wands
 p - a wand of enslavement (8)
Scrolls
 f - a scroll of immolation
 g - a scroll of amnesia {unknown}
 h - a scroll of fear {unknown}
 i - a scroll of enchant weapon {unknown}
 l - a scroll of identify
 n - a scroll of remove curse {unknown}
 u - a scroll of blinking {unknown}
 w - 2 scrolls of random uselessness {unknown}
 y - a scroll of enchant armour {unknown}
Potions
 e - 2 potions of mutation
 k - a potion of curing
 q - a potion of degeneration {unknown}
 r - a potion of heal wounds {unknown}
 s - a potion of might {unknown}
 t - a potion of berserk rage {unknown}
 v - a potion of cancellation {unknown}
Comestibles
 c - 6 rations


   Skills:
 + Level 4.2 Fighting
 * Level 4.8 Maces & Flails
 + Level 2.5 Armour
 - Level 2.6 Dodging
 - Level 1.7 Stealth


You had 5 spell levels left.
You didn't know any spells.
Your spell library was empty.

Dungeon Overview and Level Annotations

Branches:
Dungeon (4/15)
 Temple: D:4-7

Altars:
Gozag


Innate Abilities, Weirdness & Mutations

You have a somewhat thin skeletal structure. (Dex +2, Stealth)
A weak demonic guardian rushes to your aid.
You are immune to rotting.
You can translocate small distances at will.
Your body sometimes deteriorates upon taking damage.
Your magical capacity is low. (-10% MP)
You are weak. (Str -2)


Message History

Your plate armour prevents you from hitting the gnoll shaman.
The gnoll hits you from afar with a +0 halberd.
* * * LOW HITPOINT WARNING * * *
The gnoll shaman barely misses you.
It was a potion of magic.
Magic courses through your body.
The gnoll hits you from afar with a +0 halberd!
* * * LOW HITPOINT WARNING * * *
The gnoll shaman hits you but does no damage.
You feel better.
The gnoll hits you from afar with a +0 halberd.
* * * LOW HITPOINT WARNING * * *
The gnoll shaman closely misses you.
The gnoll hits you from afar with a +0 halberd!
* * * LOW HITPOINT WARNING * * *
Okay, then.
As you read the scroll labeled TOTOWK NICUH, it crumbles to dust.
It is a scroll of identify.
f - a scroll of immolation The gnoll hits you from afar with a +0 halberd!
You die...

##.......##
#......... #
#######.........###
..................
≈≈≈≈≈≈≈≈≈≈≈≈≈≈≈≈≈.
≈≈≈≈≈≈≈≈≈≈≈≈≈≈≈≈.
#####≈≈≈≈≈≈≈≈≈≈≈≈.
#...#.)...........
#@g.#############'
###g#........ .#.
#.'...........'g
#.#...........#.
#.##############
#.. #.. #.# #.#


You could see a gnoll shaman and a gnoll.

Vanquished Creatures
  A scorpion (D:3)
  A jelly (D:3)
  An iguana (D:4)
  A worker ant (D:4)
  5 adders
  A gnoll (D:4)
  5 worms
  3 dart slugs (D:1)
  10 orcs (D:3)
  3 giant cockroaches
  10 goblins
  7 hobgoblins
  8 jackals
  2 quokkas
  A ball python (D:3)
  5 bats
  3 frilled lizards
  6 kobolds
  7 rats
80 creatures vanquished.

Notes
Turn   | Place    | Note
-------+----------+-------------------------------------------
     0 | D:1      | kidcy the Demonspawn Monk began the quest for the Orb.
     0 | D:1      | Reached XP level 1. HP: 18/18 MP: 1/1
   333 | D:1      | Gained mutation: You have a somewhat thin skeletal
                  | structure. (Dex +2, Stealth) [demonic ancestry]
   333 | D:1      | Reached XP level 2. HP: 24/24 MP: 2/2
   968 | D:1      | Reached skill level 1 in Armour
   977 | D:1      | Gained mutation: You are immune to rotting. [demonic
                  | ancestry]
   977 | D:1      | Reached XP level 3. HP: 20/29 MP: 3/3
  1770 | D:2      | Reached XP level 4. HP: 26/35 MP: 4/4
  2743 | D:3      | Reached XP level 5. HP: 11/42 MP: 5/5
  3569 | D:4      | Noticed an ogre
  3578 | D:4      | Found an opulent altar of Gozag.
  3869 | D:4      | Gained mutation: A weak demonic guardian rushes to your
                  | aid. [demonic ancestry]
  3869 | D:4      | Reached XP level 6. HP: 39/48 MP: 6/6
  4129 | D:4      | Identified the +0 robe of the Tired Ghosts {-Tele +Inv
                  | Int+4}
  4157 | D:4      | Gained mutation: Your magical capacity is low. (-10% MP)
                  | [potion of mutation]
  4157 | D:4      | Gained mutation: You are weak. (Str -2) [potion of
                  | mutation]
  4157 | D:4      | Gained mutation: Your body sometimes deteriorates upon
                  | taking damage. [potion of mutation]
  4157 | D:4      | Gained mutation: You can translocate small distances at
                  | will. [potion of mutation]
  4173 | D:4      | HP: 1/48 [gnoll/+0 halberd (9)]
  4174 | D:4      | Mangled by a gnoll

Levels and vault maps discovered:
D:1:      psy_arrival_dodecagon, layout_basic
D:2:      layout_loops_corners, minmay_pentomino_s4
D:3:      layout_rooms
D:4:      lemuel_castle_with_subvaults [lemuel_castle_interior_carwin_1],
          layout_rooms, nicolae_gozag_seed_capital, uniq_ijyb

Skill      XL: |  1  2  3  4  5 |
---------------+----------------+-----
Maces & Flails | 3 4 |  4.8
Armour         | 1 2 |  2.5
Fighting       | 4 |  4.2
Dodging        | |  2.6
Stealth        | |  1.7

Action                   |  1- 3 |  4- 6 || total
-------------------------+-------+-------++-------
Melee: Mace              |   154 |   208 ||   362
  Use: Potion            |       |     4 ||     4
       Scroll            |       |     3 ||     3
 Stab: Sleeping          |     4 |       ||     4
  Eat: Chunk             |     3 |     4 ||     7
       Ration            |       |     1 ||     1
Armor: Robe              |     6 |       ||     6
       Plate armour      |    74 |   182 ||   256
Dodge: Dodged            |    77 |    78 ||   155

Table legend:
 A = Non-vault XP
 B = Vault XP
 C = Vault XP percentage of total XP
 D = Non-vault monster count
 E = Vault monster count
 F = Vault count percentage of total count
                 A         B        C        D         E       F
            +---------+---------+-------+---------+---------+-------
      Total |     402 |      25 |   5.9 |      73 |       7 |   8.8
            +---------+---------+-------+---------+---------+-------
        D:1 |      42 |       0 |   0.0 |      22 |       0 |   0.0
        D:2 |      88 |       7 |   7.4 |      23 |       4 |  14.8
        D:3 |     194 |       0 |   0.0 |      24 |       0 |   0.0
        D:4 |      78 |      18 |  18.8 |       4 |       3 |  42.9
            +---------+---------+-------+---------+---------+-------
